 Dungeon Crawl Stone Soup version 0.26-a0-958-gf3041fb45f (webtiles) character file.

Game seed: 6328000030185680058

14735 KristoblXynda the Carver (level 11, -8/99 HPs)
             Began as a Pale Draconian Gladiator on Nov 30, 2020.
             Was a Follower of Ashenzari.
             Mangled by a white ugly thing (32 damage)
             ... on level 12 of the Dungeon.
             The game lasted 00:24:01 (13216 turns).

KristoblXynda the Carver (DrGl)                    Turns: 13216, Time: 00:24:02

Health: -8/99      AC: 10    Str: 22    XL:     11   Next: 92%
Magic:  11/11      EV: 17    Int: 13    God:    Ashenzari [*.....]
Gold:   1006       SH: 10    Dex: 12    Spells: 10/10 levels left

rFire    . . .     SeeInvis +   r - +5 short sword
rCold    . . .     Faith    .   A - +0 buckler
rNeg     . . .     Spirit   .   (armour unavailable)
rPois    .         Reflect  +   b - +1 hat
rElec    .         Harm     .   h - +0 cloak
rCorr    .         Rampage  .   C - +0 pair of gloves
MR       .....                  (no boots)
Stlth    +++.......             o - amulet of reflection (curse)
HPRegen  0.26/turn              v - +6 ring of strength
MPRegen  0.12/turn              G - ring of see invisible

@: short of breath, slowed, very slow
A: breathe steam, unfitting armour, cold-blooded, AC +7
a: Breathe Steam, Curse Item, Scrying, Renounce Religion


You were on level 12 of the Dungeon.
You worshipped Ashenzari.
Ashenzari was aware of your devotion.
You visited 2 branches of the dungeon, and saw 13 of its levels.
You also visited: Bailey.

You collected 1055 gold pieces.
You spent 49 gold pieces at shops.

Inventory:

Hand Weapons
 r - a +5 short sword (weapon)
 K - a cursed +3 demon blade of draining
Missiles
 c - 4 throwing nets (quivered)
Armour
 b - a +1 hat (worn)
 h - a +0 cloak (worn)
 A - a +0 buckler (worn)
 C - a +0 pair of gloves (worn)
Jewellery
 a - an uncursed ring of flight
 e - an uncursed ring of protection from fire
 o - a cursed amulet of reflection (around neck)
 t - an uncursed ring of positive energy
 v - a +6 ring of strength (left hand)
 G - a ring of see invisible (right hand)
 I - an uncursed ring of stealth
 N - a +4 ring of evasion
 Q - an uncursed ring of magical power
Wands
 x - a wand of acid (4)
 B - a wand of paralysis (4)
Scrolls
 g - 4 scrolls of teleportation
 i - a scroll of fear
 k - 4 scrolls of enchant weapon
 l - 8 scrolls of enchant armour
 m - 3 scrolls of immolation
 p - 3 scrolls of amnesia
 y - 3 scrolls of magic mapping
 E - 5 scrolls of blinking
 F - a scroll of fog
 M - 2 scrolls of remove curse
 R - a scroll of silence {unknown}
Potions
 d - 3 potions of mutation
 f - 3 potions of ambrosia
 j - 4 potions of curing
 n - 7 potions of heal wounds
 q - 2 potions of flight
 s - 2 potions of cancellation
 u - 3 potions of might
 w - 3 potions of attraction
 z - 2 potions of brilliance
 D - 5 potions of haste
 H - a potion of experience {unknown}
 J - 2 potions of invisibility {unknown}
 L - 2 potions of resistance
 O - 2 potions of lignification {unknown}
Miscellaneous
 P - a phial of floods


   Skills:
 + Level 9.9 Fighting
 + Level 12.0 Long Blades
 - Level 2.0 Throwing
 + Level 9.4 Dodging
 - Level 5.0 Stealth
 - Level 4.0 Shields
 + Level 5.1 Evocations


You had 10 spell levels left.
You didn't know any spells.
Your spell library contained the following spells:

 Spells                   Type           Power        Failure   Level
 Foxfire                  Conj/Fire      #...         30%         1
 Freeze                   Ice            #...         30%         1
 Summon Small Mammal      Summ           #...         30%         1
 Call Imp                 Summ           #.......     43%         2
 Call Canine Familiar     Summ           #.......     67%         3
 Conjure Flame            Conj/Fire      #.......     67%         3
 Frozen Ramparts          Ice            #.....       67%         3
 Inner Flame              Hex/Fire       #.......     67%         3
 Ozocubu's Armour         Ice            #.......     67%         3
 Summon Guardian Golem    Hex/Summ       #.......     67%         3
 Hailstorm                Conj/Ice       #.......     97%         4
 Sticky Flame             Conj/Fire      #.......     97%         4
 Summon Ice Beast         Ice/Summ       #.......     97%         4
 Summon Lightning Spire   Summ/Air       #.......     97%         4
 Bolt of Magma            Conj/Fire/Erth #.........   100%        5
 Fireball                 Conj/Fire      #.........   100%        5
 Iskenderun's Battlesphe  Conj           #.......     100%        5
 Summon Mana Viper        Hex/Summ       #.......     100%        5
 Freezing Cloud           Conj/Ice/Air   #.........   100%        6
 Iron Shot                Conj/Erth      #.........   100%        6
 Orb of Destruction       Conj           #.........   100%        7
 Spellforged Servitor     Conj/Summ      #.........   100%        7


Dungeon Overview and Level Annotations

Branches:
Dungeon (12/15)            Temple (1/1) D:7            Lair (0/6) D:9
    Orc (0/2) D:9          Bailey (visited)

Altars:
Ashenzari
Cheibriados
Dithmenos
Elyvilon
Fedhas
Gozag
Hepliaklqana
Kikubaaqudgha
Makhleb
Nemelex Xobeh
Okawaru
Qazlal
Ru
Sif Muna
Trog
Uskayaw
Vehumet
Wu Jian
Xom
Yredelemnul
Zin
The Shining One

Shops:
D:4 *   D:10 }   D:11 !

Annotations:
D:5 3 runed translucent doors, Thargor's ghost, novice GrEE


Innate Abilities, Weirdness & Mutations

You can breathe blasts of scalding, opaque steam.
Your pale cyan-grey scales are hard. (AC +7)
You cannot fit into any form of body armour.
You are cold-blooded and may be slowed by cold attacks.


Message History

You barely miss the white ugly thing.
The white ugly thing is severely wounded.
The white ugly thing is engulfed in a cloud of scalding steam.
The white ugly thing barely misses you.
You hit the white ugly thing.
The white ugly thing is almost dead.
The white ugly thing barely misses you.
You barely miss the white ugly thing.
The white ugly thing is almost dead.
The white ugly thing is engulfed in a cloud of scalding steam.
The white ugly thing pecks you! The white ugly thing freezes you!!
You feel yourself slow down.
You hit the white ugly thing but do no damage.
You tail-slap the white ugly thing, but do no damage.
The white ugly thing is almost dead.
The white ugly thing is engulfed in a cloud of scalding steam.
The white ugly thing pecks you!
* * * LOW HITPOINT WARNING * * *
The white ugly thing freezes you!!
You die...

########### ..........#
..........# ################
..........# #....)).........
..........#######.##############
.!...>....'J§.u@..#
..........######### ..........#
..........# #####.##### #. .. #
.. # .>. +


You could see a white ugly thing.

Vanquished Creatures
  A hydra (D:11)
  2 two-headed ogres (D:8)
  An unseen horror (D:9)
  4 orc knights (Bailey)
  2 slime creatures (D:9)
  A manticore (D:11)
  A komodo dragon (D:9)
  Grinder (D:6)
  Sigmund (D:6)
  A wyvern (D:10)
  10 yaks
  Grum (D:9)
  A water moccasin (D:7)
  12 orc warriors
  A sky beast (D:5)
  3 ice beasts
  2 black bears
  5 ogres
  A phantom (D:7)
  4 wolves (D:9)
  9 centaurs
  10 bullfrogs
  A big kobold (D:11)
  2 water moccasin zombies
  2 scorpions
  3 wights (D:12)
  3 howler monkeys
  6 electric eels (D:8)
  3 jellies
  2 bullfrog zombies (D:7)
  6 hounds
  2 centaur skeletons
  9 orc priests
  11 orc wizards
  Jessica (D:2)
  Ijyb (D:4)
  3 iguanas
  10 worker ants
  Natasha (thrice) (D:2)
  A killer bee zombie (D:5)
  A hound skeleton (D:8)
  4 worker ant zombies
  12 gnolls
  14 adders
  2 shadow imps
  4 white imps
  3 ufetubi
  An ooze (D:1)
  4 adder skeletons
  7 worms
  2 dart slugs
  4 leopard geckos
  79 orcs
  12 bats
  4 giant cockroaches
  10 goblins
  7 hobgoblins
  16 jackals
  5 quokkas
  2 ball pythons (D:3)
  A ball python zombie (D:5)
  6 frilled lizards
  A jackal skeleton (D:5)
  8 kobolds
  A quokka zombie (D:5)
  5 rats
358 creatures vanquished.

Vanquished Creatures (others)
  8 fungi (D:9)
  14 plants
22 creatures vanquished.

Grand Total: 380 creatures vanquished

Notes
Turn   | Place    | Note
-------+----------+-------------------------------------------
     0 | D:1      | KristoblXynda the Draconian Gladiator began the quest for
                  | the Orb.
     0 | D:1      | Reached XP level 1. HP: 17/17 MP: 1/1
   158 | D:1      | Reached XP level 2. HP: 23/25 MP: 2/2
   570 | D:2      | Reached XP level 3. HP: 30/30 MP: 3/3
   702 | D:2      | Noticed Natasha
   712 | D:2      | Killed Natasha
   713 | D:2      | Reached skill level 4 in Long Blades
   713 | D:2      | Reached XP level 4. HP: 9/38 MP: 4/4
  1081 | D:2      | Noticed Natasha
  1095 | D:2      | Killed Natasha
  1201 | D:2      | Noticed Jessica
  1205 | D:2      | Killed Jessica
  1266 | D:2      | Reached XP level 5. HP: 32/45 MP: 5/5
  1625 | D:2      | Noticed Natasha
  1636 | D:2      | Killed Natasha
  2377 | D:3      | Reached skill level 5 in Long Blades
  2499 | D:3      | Reached XP level 6. HP: 46/52 MP: 6/6
  2973 | D:4      | Found Xanawk's General Store.
  2977 | D:4      | Bought a +0 pair of gloves for 49 gold pieces
  3121 | D:4      | Noticed Ijyb
  3170 | D:4      | Killed Ijyb
  3171 | D:4      | Reached skill level 1 in Shields
  3514 | D:4      | Found an iron altar of Okawaru.
  3557 | D:5      | Entered Level 5 of the Dungeon
  3572 | D:5      | Reached skill level 6 in Long Blades
  3572 | D:5      | Your scales start taking on a pale cyan-grey colour.
  3572 | D:5      | Reached XP level 7. HP: 52/59 MP: 7/7
  3986 | D:5      | Found a runed translucent gate.
  3986 | D:5      | Found a runed translucent gate.
  3986 | D:5      | Found a runed translucent gate.
  4039 | D:5      | Noticed Thargor's ghost (novice GrEE)
  4120 | D:5      | Reached skill level 7 in Long Blades
  4120 | D:5      | Reached XP level 8. HP: 60/66 MP: 8/8
  4310 | D:5      | Reached skill level 5 in Dodging
  5021 | D:6      | Noticed Sigmund
  5031 | D:6      | Killed Sigmund
  5032 | D:6      | Reached skill level 8 in Long Blades
  5048 | D:6      | Identified the Catalogue of the Frigorific Escort
  5348 | D:6      | Noticed Grinder
  5353 | D:6      | Killed Grinder
  5354 | D:6      | Reached XP level 9. HP: 56/73 MP: 9/9
  5470 | D:6      | Reached skill level 9 in Long Blades
  5594 | D:6      | Reached skill level 5 in Fighting
  6091 | D:7      | Reached skill level 10 in Long Blades
  6187 | D:7      | Found a staircase to the Ecumenical Temple.
  6197 | Temple   | Entered the Ecumenical Temple
  6242 | Temple   | Became a worshipper of Ashenzari the Shackled
  6653 | D:8      | Reached skill level 1 in Stealth
  7065 | D:8      | Reached XP level 10. HP: 80/84 MP: 10/10
  7155 | D:8      | Noticed a two-headed ogre
  7164 | D:8      | Killed a two-headed ogre
  7482 | D:8      | Noticed a two-headed ogre
  7499 | D:8      | Killed a two-headed ogre
  7927 | D:8      | HP: 4/86 [electric eel/bolt of electricity (15)]
  8705 | D:9      | Found a flagged portal.
  8719 | Bailey   | Entered a bailey
  8853 | Bailey   | Noticed an orc knight
  8898 | Bailey   | Killed an orc knight
  8907 | Bailey   | Reached skill level 11 in Long Blades
  9016 | Bailey   | Noticed an orc knight
  9016 | Bailey   | Noticed an orc knight
  9055 | Bailey   | Killed an orc knight
  9059 | Bailey   | Killed an orc knight
  9060 | Bailey   | Reached skill level 5 in Stealth
  9060 | Bailey   | Reached XP level 11. HP: 60/95 MP: 11/11
  9175 | Bailey   | Noticed an orc knight
  9195 | Bailey   | Killed an orc knight
  9196 | Bailey   | Reached skill level 1 in Evocations
  9470 | D:9      | Identified a scroll of acquirement
  9470 | D:9      | Acquired a cursed +0 demon blade of draining
  9562 | D:9      | Noticed Grum
  9601 | D:9      | Killed Grum
 10174 | D:9      | Found a staircase to the Lair.
 10226 | D:9      | Found a staircase to the Orcish Mines.
 10399 | D:9      | Killed an unseen horror
 10888 | D:10     | Entered Level 10 of the Dungeon
 10942 | D:10     | Reached * piety under Ashenzari
 11550 | D:10     | Found Qugoth's Gadget Shop.
 12056 | D:11     | Found Sileen's Distillery.
 12772 | D:11     | Noticed a five-headed hydra
 12789 | D:11     | Killed a five-headed hydra
 12790 | D:11     | Reached skill level 12 in Long Blades
 12790 | D:11     | Reached skill level 5 in Evocations
 13192 | D:12     | Noticed a white ugly thing
 13216 | D:12     | Mangled by a white ugly thing

Illustrated notes

Levels and vault maps discovered:
D:1:      wander_arrival_fairy_ring, layout_rooms
D:2:      layout_basic, uniq_jessica, uniq_natasha
D:3:      layout_basic
D:4:      layout_cave_pods, okawaru_metal_pillars_1_2, serial_shops, shop,
          uniq_ijyb
D:5:      layout_basic, gammafunk_ghost_necromancy
D:6:      minmay_chambers_of_threes, layout_basic, enter_ossuary_2,
          uniq_sigmund, uniq_grinder
D:7:      layout_rooms, minmay_temple_entry_offerings, minmay_increasing_density
D:8:      cheibrodos_two_vegetables, layout_loops_ring
D:9:      layout_big_octagon, grunt_lair_entry_orc_guard_hut, hiddenorc1_lemuel,
          enter_bailey_5, grunt_potential, uniq_grum
D:10:     minmay_angry_zag, layout_irregular_city, serial_shops, shop_fountains
D:11:     layout_grid_maze, serial_shops, shop
D:12:     layout_roguey, serial_shops, nicolae_shop_statue_plus,
          kb_lookout_dungeons_type, nicolae_straight_to_the_point
Temple:   minmay_crystal_snake_temple

Skill      XL: |  1  2  3  4  5  6  7  8  9 10 11 |
---------------+----------------------------------+-----
Throwing       | 2 |  2.0
Dodging        | 3 4 5 7 8 9 |  9.4
Fighting       | 3 4 6 8 9 |  9.9
Long Blades    | 4 5 6 7 8 10 11 12 | 12.0
Shields        | 1 2 4 |  4.0
Stealth        | 2 5 |  5.0
Evocations     | 5 |  5.1

Action                   |  1- 3 |  4- 6 |  7- 9 | 10-12 || total
-------------------------+-------+-------+-------+-------++-------
Melee: Long sword        |    56 |    36 |       |       ||    92
       Tailslap          |    16 |    31 |    42 |    64 ||   153
       Short sword       |       |   194 |   327 |   397 ||   918
       Unarmed           |       |    22 |       |       ||    22
Invok: Curse Item        |       |       |       |     1 ||     1
 Abil: Breathe Steam     |       |       |    16 |    36 ||    52
Evoke: Wand              |       |       |       |    18 ||    18
  Use: Scroll            |       |     4 |    13 |    10 ||    27
       Potion            |       |       |     1 |     2 ||     3
 Stab: Sleeping          |       |       |     3 |     6 ||     9
       Paralysed         |       |       |       |    17 ||    17
Armor: Skin              |    20 |    65 |    45 |    57 ||   187
Dodge: Dodged            |    53 |   137 |   125 |   194 ||   509
Block: Other             |       |    40 |     4 |       ||    44
       Reflection        |       |     1 |     5 |     7 ||    13
       Buckler           |       |       |   111 |   167 ||   278
       Rpst.: Long sword |    20 |     9 |       |       ||    29

Table legend: (Time is in decaauts)
 A = Elapsed time spent in this place.
 B = Non-inter-level travel time spent in this place.
 C = Inter-level travel time spent in this place.
 D = Time resting spent in this place.
 E = Time spent auto-exploring this place.
 F = Levels seen in this place.
 G = Mean time per level.
                   A        B        C        D        E       F      G
               +--------+--------+--------+--------+--------+-----+--------+
         Total |  13108 |  12811 |    297 |   3294 |   6570 |  14 |  936.3 |
       Dungeon |  12187 |  11890 |    297 |   2884 |   6385 |  12 | 1015.6 |
        Temple |    182 |    182 |      0 |      0 |    150 |   1 |  182.0 |
        Bailey |    737 |    737 |      0 |    410 |     35 |   1 |  737.0 |
               +--------+--------+--------+--------+--------+-----+--------+

Top non-repeatable levels by time:
     D:8: 2045 daAuts
     D:9: 1438 daAuts
     D:2: 1289 daAuts
    D:11: 1266 daAuts
     D:6: 1178 daAuts
     D:5: 978 daAuts
     D:4: 891 daAuts
    D:10: 876 daAuts
     D:1: 806 daAuts
  Bailey: 737 daAuts
     D:7: 680 daAuts
     D:3: 596 daAuts
  Temple: 182 daAuts
    D:12: 139 daAuts
